SL
FT. WORTH CATTLEMEN @ WIZARDING EXPRESS
09/29/2030
 
TOP OF THE 1ST
Ft. Worth Cattlemen batting - Pitching for Wizarding Express : RHP Kenny Koehler
Pitching: RHP Kenny Koehler
Batting: SHB Javier Vázquez 0-0: Ball
1-0: Called Strike
1-1: Foul Ball, location: 2F
1-2: Strikes out looking
Batting: LHB Chris Etheridge 0-0: Ball
1-0: Ground out U3 (Groundball, 3)
Batting: RHB Bart Lewis 0-0: Foul Ball, location: 2F
0-1: Called Strike
0-2: Hit by Pitch
Batting: RHB Gilberto Juárez 0-0: Ball
1-0: Ball
2-0: Ball
3-0: Base on Balls
Bart Lewis to second
Batting: LHB Rick Mayfield 0-0: Ball
1-0: Ball
2-0: Ball
3-0: Called Strike
3-1: Base on Balls
Bart Lewis to third
Gilberto Juárez to second
Batting: SHB Marcos Roa 0-0: Swinging Strike
0-1: Swinging Strike
0-2: SINGLE (Line Drive, 3)
Bart Lewis scores
Gilberto Juárez to third
Rick Mayfield to second
Runner from 3rd tries for Home, SAFE, no throw
Batting: SHB Roberto Mosca 0-0: Ball
1-0: Ball
2-0: Ball
3-0: DOUBLE (Line Drive, 5D)
Rick Mayfield scores
Marcos Roa to third
Runner from 3rd tries for Home, SAFE, no throw
Batting: RHB Lloyd Alberink 0-0: Ball
1-0: Ball
2-0: Ball
3-0: Base on Balls
Batting: RHB Miguel Canales 0-0: Ball
1-0: Ball
2-0: Swinging Strike
2-1: Swinging Strike
2-2: Ball
3-2: Foul Ball, location: 2F
3-2: Foul Ball, location: 2F
3-2: Strikes out looking
Top of the 1st over - 4 runs, 2 hits, 0 errors, 2 left on base; Ft. Worth 4 - Wizarding 0
BOTTOM OF THE 1ST
Wizarding Express batting - Pitching for Ft. Worth Cattlemen : RHP Robbie Betchley
Pitching: RHP Robbie Betchley
Batting: LHB José Corona 0-0: Ground out 4-3 (Groundball, 4S)
Batting: SHB Salvador Trevino 0-0: Foul Ball, location: 2F
0-1: Ball
1-1: Ball
2-1: Foul Ball, location: 2F
2-2: Ball
3-2: Base on Balls
Batting: RHB António Martínez 0-0: Ball
1-0: Called Strike
1-1: Called Strike
1-2: Ball
2-2: Ball
3-2: Grounds into double play, 6-4-3 (Groundball, 6)
Bottom of the 1st over - 0 runs, 0 hits, 0 errors, 0 left on base; Ft. Worth 4 - Wizarding 0
TOP OF THE 2ND
Ft. Worth Cattlemen batting - Pitching for Wizarding Express : RHP Kenny Koehler
Batting: SHB Javier Vázquez 0-0: Ground out 6-3 (Groundball, 6S)
Batting: LHB Chris Etheridge 0-0: Called Strike
0-1: Called Strike
0-2: Foul Ball, location: 2F
0-2: SINGLE (Groundball, 34S) (infield hit)
Batting: RHB Bart Lewis 0-0: Called Strike
0-1: Ball
1-1: Ball
2-1: Fly out, F5 (Popup, 5S)
Batting: RHB Gilberto Juárez 0-0: Fly out, F9 (Flyball, 9D)
Top of the 2nd over - 0 runs, 1 hit, 0 errors, 1 left on base; Ft. Worth 4 - Wizarding 0
BOTTOM OF THE 2ND
Wizarding Express batting - Pitching for Ft. Worth Cattlemen : RHP Robbie Betchley
Batting: LHB Nathan Tanner 0-0: Foul Ball, location: 2F
0-1: Fly out, F8 (Line Drive, 78M)
Batting: LHB António Boccanegra 0-0: Ball
1-0: Called Strike
1-1: SINGLE (Line Drive, 4MD)
Batting: RHB Frank Grimes 0-0: Called Strike
0-1: Called Strike
0-2: Foul Ball, location: 2F
0-2: Strikes out swinging
Batting: RHB Gonzalo Ángel 0-0: Called Strike
0-1: Fly out, F8 (Flyball, 8LM)
Bottom of the 2nd over - 0 runs, 1 hit, 0 errors, 1 left on base; Ft. Worth 4 - Wizarding 0
TOP OF THE 3RD
Ft. Worth Cattlemen batting - Pitching for Wizarding Express : RHP Kenny Koehler
Batting: LHB Rick Mayfield 0-0: Fly out, F7 (Line Drive, 7)
Batting: SHB Marcos Roa 0-0: Ball
1-0: SINGLE (Line Drive, 56D)
Batting: SHB Roberto Mosca 0-0: 2-RUN HOME RUN (Flyball, 9D), Distance : 352 ft
Batting: RHB Lloyd Alberink 0-0: Ground out 4-3 (Groundball, 4)
Batting: RHB Miguel Canales 0-0: Called Strike
0-1: Ball
1-1: Swinging Strike
1-2: Strikes out swinging
Top of the 3rd over - 2 runs, 2 hits, 0 errors, 0 left on base; Ft. Worth 6 - Wizarding 0
BOTTOM OF THE 3RD
Wizarding Express batting - Pitching for Ft. Worth Cattlemen : RHP Robbie Betchley
Batting: LHB Kyung-chor Pang 0-0: Called Strike
0-1: Ball
1-1: Ground out 6-3 (Groundball, 6)
Batting: RHB Jeff Green 0-0: Called Strike
0-1: Ground out 5-3 (Groundball, 56S)
Batting: LHB José Corona 0-0: Called Strike
0-1: Ball
1-1: Ball
2-1: Ground out 4-3 (Groundball, 4)
Bottom of the 3rd over - 0 runs, 0 hits, 0 errors, 0 left on base; Ft. Worth 6 - Wizarding 0
TOP OF THE 4TH
Ft. Worth Cattlemen batting - Pitching for Wizarding Express : RHP Kenny Koehler
Batting: SHB Javier Vázquez 0-0: Ball
1-0: Ball
2-0: Ball
3-0: Base on Balls
Batting: LHB Chris Etheridge 0-0: Ball
1-0: Ball
2-0: Ball
3-0: Called Strike
3-1: Called Strike
3-2: Fly out, F4 (Popup, 4M)
Batting: RHB Bart Lewis 0-0: Called Strike
0-1: Ball
1-1: Swinging Strike
1-2: Grounds into double play, 5-4-3 (Groundball, 56)
Top of the 4th over - 0 runs, 0 hits, 0 errors, 0 left on base; Ft. Worth 6 - Wizarding 0
BOTTOM OF THE 4TH
Wizarding Express batting - Pitching for Ft. Worth Cattlemen : RHP Robbie Betchley
Batting: SHB Salvador Trevino 0-0: Ball
1-0: Foul Ball, location: 2F
1-1: Foul Ball, location: 2F
1-2: SINGLE (Groundball, 34D)
Batting: RHB António Martínez 0-0: Ball
1-0: Ball
2-0: Ball
3-0: Called Strike
3-1: Called Strike
3-2: Foul Ball, location: 2F
3-2: Base on Balls
Salvador Trevino to second
Batting: LHB Nathan Tanner 0-0: Ball
Wild Pitch!
Salvador Trevino to third
António Martínez to second
1-0: Fly out, F9 (Flyball, 9S)
Batting: LHB António Boccanegra 0-0: Called Strike
0-1: Called Strike
0-2: Ball
1-2: Foul Ball, location: 2F
1-2: Ground out 6-3 (Groundball, 6)
Salvador Trevino scores
António Martínez to third
Batting: RHB Frank Grimes 0-0: Ground out 6-3 (Groundball, 6)
Bottom of the 4th over - 1 run, 1 hit, 0 errors, 1 left on base; Ft. Worth 6 - Wizarding 1
TOP OF THE 5TH
Ft. Worth Cattlemen batting - Pitching for Wizarding Express : RHP Kenny Koehler
Batting: RHB Gilberto Juárez 0-0: SINGLE (Groundball, 6MD)
Pitching: LHP Octávio Ríos
Batting: LHB Rick Mayfield 0-0: SINGLE (Line Drive, 3)
Gilberto Juárez to second
Throwing error, E9
Gilberto Juárez scores
Rick Mayfield to second
Batting: SHB Marcos Roa 0-0: Foul Ball, location: 2F
0-1: Ground out 6-3 (Groundball, 6)
Rick Mayfield to third
Batting: SHB Roberto Mosca 0-0: Called Strike
0-1: Ball
1-1: Called Strike
1-2: Foul Ball, location: 2F
1-2: Strikes out swinging
Batting: RHB Lloyd Alberink 0-0: Ball
1-0: Ball
2-0: Ground out 4-3 (Groundball, 4)
Top of the 5th over - 1 run, 2 hits, 1 error, 1 left on base; Ft. Worth 7 - Wizarding 1
BOTTOM OF THE 5TH
Wizarding Express batting - Pitching for Ft. Worth Cattlemen : RHP Robbie Betchley
Batting: RHB Gonzalo Ángel 0-0: Ball
1-0: Foul Ball, location: 2F
1-1: Ground out 4-3 (Groundball, 4)
Batting: LHB Kyung-chor Pang 0-0: Ball
1-0: Ball
2-0: Ball
3-0: Called Strike
3-1: Base on Balls
Batting: RHB Jeff Green 0-0: Ball
1-0: Ball
2-0: Ball
3-0: Called Strike
3-1: SINGLE (Groundball, 56D)
Kyung-chor Pang to second
Batting: LHB José Corona 0-0: Ball
Wild Pitch!
Kyung-chor Pang to third
Jeff Green to second
1-0: Ball
2-0: Ball
3-0: Called Strike
3-1: Called Strike
3-2: Foul Ball, location: 2F
3-2: Foul Ball, location: 2F
3-2: 3-RUN HOME RUN (Line Drive, 78XD), Distance : 373 ft
Batting: SHB Salvador Trevino 0-0: Called Strike
0-1: Ball
1-1: Fly out, F8 (Flyball, 8LXD)
Batting: RHB António Martínez 0-0: Ball
1-0: Called Strike
1-1: Ball
2-1: Fly out, F7 (Flyball, 78S)
Bottom of the 5th over - 3 runs, 2 hits, 0 errors, 0 left on base; Ft. Worth 7 - Wizarding 4
TOP OF THE 6TH
Ft. Worth Cattlemen batting - Pitching for Wizarding Express : LHP Octávio Ríos
Batting: RHB Miguel Canales 0-0: Ball
1-0: Ball
2-0: Fly out, F2 (Popup, 23F)
Batting: SHB Javier Vázquez 0-0: Fly out, F7 (Flyball, 7LM)
Batting: LHB Chris Etheridge 0-0: Ball
1-0: Foul Ball, location: 2F
1-1: Called Strike
1-2: Foul Ball, location: 2F
1-2: Ground out 3-1 (Groundball, 34D)
Top of the 6th over - 0 runs, 0 hits, 0 errors, 0 left on base; Ft. Worth 7 - Wizarding 4
BOTTOM OF THE 6TH
Wizarding Express batting - Pitching for Ft. Worth Cattlemen : RHP Robbie Betchley
Batting: LHB Nathan Tanner 0-0: Ball
1-0: Fly out, F9 (Flyball, 89D)
Batting: LHB António Boccanegra 0-0: Ball
1-0: Ball
2-0: Foul Ball, location: 2F
2-1: Ground out 6-3 (Groundball, 6)
Batting: RHB Frank Grimes 0-0: Ball
1-0: Foul Ball, location: 2F
1-1: Swinging Strike
1-2: Fly out, F7 (Flyball, 78XD)
Bottom of the 6th over - 0 runs, 0 hits, 0 errors, 0 left on base; Ft. Worth 7 - Wizarding 4
TOP OF THE 7TH
Ft. Worth Cattlemen batting - Pitching for Wizarding Express : LHP Octávio Ríos
Pitching: LHP Eijiro Takahashi
Batting: RHB Bart Lewis 0-0: Ball
1-0: Fly out, F7 (Flyball, 7S)
Batting: RHB Gilberto Juárez 0-0: Ball
1-0: Ball
2-0: Called Strike
2-1: Called Strike
2-2: Foul Ball, location: 2F
2-2: Foul Ball, location: 2F
2-2: Ball
3-2: Base on Balls
Batting: LHB Rick Mayfield 0-0: Ball
1-0: Ball
2-0: Called Strike
2-1: Fly out, F7 (Flyball, 7LS)
Batting: SHB Marcos Roa 0-0: Ball
1-0: Foul Ball, location: 2F
1-1: Ball
Gilberto Juárez is caught stealing 2nd base
Top of the 7th over - 0 runs, 0 hits, 0 errors, 0 left on base; Ft. Worth 7 - Wizarding 4
BOTTOM OF THE 7TH
Wizarding Express batting - Pitching for Ft. Worth Cattlemen : RHP Robbie Betchley
Batting: RHB Gonzalo Ángel 0-0: Ball
1-0: Swinging Strike
1-1: Foul Ball, location: 2F
1-2: Ball
2-2: Ball
3-2: Ground out 4-3 (Groundball, 4)
Batting: LHB Kyung-chor Pang 0-0: Called Strike
0-1: Ball
1-1: Foul Ball, location: 2F
1-2: Ball
2-2: Fly out, F9 (Flyball, 9S)
Batting: RHB Jeff Green 0-0: Ball
1-0: Ground out 1-3 (Groundball, 15S)
Bottom of the 7th over - 0 runs, 0 hits, 0 errors, 0 left on base; Ft. Worth 7 - Wizarding 4
TOP OF THE 8TH
Ft. Worth Cattlemen batting - Pitching for Wizarding Express : LHP Eijiro Takahashi
Batting: SHB Marcos Roa 0-0: Foul Ball, location: 2F
0-1: Foul Ball, location: 2F
0-2: Ball
1-2: Ball
2-2: Foul Ball, location: 2F
2-2: Strikes out swinging
Batting: SHB Roberto Mosca 0-0: Ball
1-0: Ground out 5-3 (Groundball, 56S)
Batting: RHB Lloyd Alberink 0-0: Called Strike
0-1: Ball
1-1: Ground out 6-3 (Groundball, 6M)
Top of the 8th over - 0 runs, 0 hits, 0 errors, 0 left on base; Ft. Worth 7 - Wizarding 4
BOTTOM OF THE 8TH
Wizarding Express batting - Pitching for Ft. Worth Cattlemen : RHP Robbie Betchley
Pitching: LHP Jason Horne
Batting: LHB José Corona 0-0: Foul Ball, location: 2F
0-1: Ball
1-1: Ball
2-1: Ground out 3-1 (Groundball, 34D)
Batting: SHB Salvador Trevino 0-0: Swinging Strike
0-1: Swinging Strike
0-2: Strikes out swinging
Batting: RHB António Martínez 0-0: Ball
1-0: Foul Ball, location: 2F
1-1: Foul Ball, location: 2F
1-2: Fly out, F7 (Flyball, 7S)
Bottom of the 8th over - 0 runs, 0 hits, 0 errors, 0 left on base; Ft. Worth 7 - Wizarding 4
TOP OF THE 9TH
Ft. Worth Cattlemen batting - Pitching for Wizarding Express : LHP Eijiro Takahashi
Batting: RHB Miguel Canales 0-0: Fly out, F7 (Line Drive, 78M)
Batting: SHB Javier Vázquez 0-0: Called Strike
0-1: Swinging Strike
0-2: Strikes out swinging
Batting: LHB Chris Etheridge 0-0: Ball
1-0: Swinging Strike
1-1: Foul Ball, location: 2F
1-2: Ball
2-2: Strikes out swinging
Top of the 9th over - 0 runs, 0 hits, 0 errors, 0 left on base; Ft. Worth 7 - Wizarding 4
BOTTOM OF THE 9TH
Wizarding Express batting - Pitching for Ft. Worth Cattlemen : LHP Jason Horne
Pitching: LHP Asher Spivey
Batting: LHB Nathan Tanner 0-0: Swinging Strike
0-1: Swinging Strike
0-2: Ball
1-2: Ball
2-2: Strikes out looking
Batting: LHB António Boccanegra 0-0: Swinging Strike
0-1: Ball
1-1: Called Strike
1-2: Strikes out swinging, 2-3 out at first.
Batting: RHB Frank Grimes 0-0: Ball
1-0: Ball
2-0: Ball
3-0: Called Strike
3-1: Base on Balls
Batting: RHB Gonzalo Ángel 0-0: Foul Ball, location: 2F
0-1: Ball
1-1: Ball
2-1: Called Strike
2-2: Strikes out looking
Bottom of the 9th over - 0 runs, 0 hits, 0 errors, 1 left on base; Ft. Worth 7 - Wizarding 4
Sunday, March 18th, 2018 - OOTP Baseball 18.8 Build 76